AoeStats
← shengteng

Four Lakes

509010120Analyzed
1v1 RM · 7d ago on Sep 25, 2026· 31m 51s· 2 players
Game mode
Random Map
Map size
Tiny (2 player)
Population
200
Speed
Normal
Resources
Standard
Victory
Conquest
Starting age
Dark Age
Ending age
Imperial Age
RankedLock teamsTeams togetherTeam positionsShared explorationLock speedFull tech treeHidden civsTurbo modeCheats
Victory
Defeat
🇦🇷 Byzantines · Argentina
665
+16
🇨🇳 Bulgarians · China
668
-16
casajosemus
7:36 Loom
10:18 Feudal Age
11:01 Double-Bit Axe
16:07 Fletching
20:26 Castle Age
18:28 Horse Collar
19:08 Fishing Lines
20:47 Forging
21:49 Wheelbarrow
22:22 Bodkin Arrow
29:47 Gillnets
31:05 Squires
shengteng
0:45 Loom
0:52 Loom
13:10 Feudal Age
13:44 Double-Bit Axe
13:55 Horse Collar
16:02 Stone Mining
16:22 Town Watch
16:57 Gold Mining
19:57 Forging
19:38 Fletching
23:57 Castle Age
22:39 Bloodlines
22:35 Scale Mail Armor
22:26 Arson
25:36 Iron Casting
24:57 Bodkin Arrow
25:08 Squires
26:03 Chain Mail Armor
25:38 Gambesons
27:24 Bow Saw
31:57 Husbandry
32:06 Scale Barding Armor
Connection lost

Rejoining the realm…

Still unreachable

The connection could not be restored.

Session expired

The server has moved on; the page needs a fresh start.